3A
MYRTLE BEACH SEAHAWKS @ MT. VERNON BULLS
07/27/2034
 
TOP OF THE 1ST
Myrtle Beach Seahawks batting - Pitching for Mt. Vernon Bulls : LHP Tom Burnett
Pitching: LHP Tom Burnett
Batting: RHB Lucas Gallant 0-0: Ground out 6-3 (Groundball, 6)
Batting: RHB Madhavacharta Bhavalakar 0-0: Called Strike
0-1: Ball
1-1: Foul Ball, location: 2F
1-2: Ground out 6-3 (Groundball, 6S)
Batting: LHB Roberts Hamhock 0-0: Swinging Strike
0-1: Ball
1-1: Ball
2-1: Ball
3-1: Base on Balls
Batting: LHB Gregory Clement 0-0: Fly out, F6 (Line Drive, 6M)
Top of the 1st over - 0 runs, 0 hits, 0 errors, 1 left on base; Myrtle Beach 0 - Mt. Vernon 0
BOTTOM OF THE 1ST
Mt. Vernon Bulls batting - Pitching for Myrtle Beach Seahawks : RHP Rubén Vázquez
Pitching: RHP Rubén Vázquez
Batting: SHB Fergus Stidston 0-0: Ground out 3-1 (Groundball, 34)
Batting: SHB Roy Snider 0-0: Foul Ball, location: 2F
0-1: Foul Ball, location: 2F
0-2: Foul Ball, location: 2F
0-2: Strikes out looking
Batting: LHB Tomás Muinos 0-0: Ball
1-0: Called Strike
1-1: Called Strike
1-2: Foul Ball, location: 2F
1-2: SINGLE (Line Drive, 8LS)
Batting: RHB Phil Gillespie 0-0: Fly out, F7 (Flyball, 7D)
Bottom of the 1st over - 0 runs, 1 hit, 0 errors, 1 left on base; Myrtle Beach 0 - Mt. Vernon 0
TOP OF THE 2ND
Myrtle Beach Seahawks batting - Pitching for Mt. Vernon Bulls : LHP Tom Burnett
Batting: RHB Justin Forbes 0-0: Swinging Strike
0-1: Swinging Strike
0-2: Strikes out looking
Batting: RHB Miguel Rey 0-0: Ball
1-0: Foul Ball, location: 2F
1-1: Foul Ball, location: 2F
1-2: Ball
2-2: Ball
3-2: DOUBLE (Line Drive, 9LS)
Batting: RHB Al Ellis 0-0: Foul Ball, location: 2F
0-1: Ground out 1-3 (Groundball, 13)
Miguel Rey to third
Batting: RHB Jimmy Gonzáles 0-0: Ball
1-0: Ground out 5-3 (Groundball, 5)
Top of the 2nd over - 0 runs, 1 hit, 0 errors, 1 left on base; Myrtle Beach 0 - Mt. Vernon 0
BOTTOM OF THE 2ND
Mt. Vernon Bulls batting - Pitching for Myrtle Beach Seahawks : RHP Rubén Vázquez
Batting: LHB Abraham Koen 0-0: Ball
1-0: Foul Ball, location: 2F
1-1: Ball
2-1: Ground out U3 (Groundball, 3)
Batting: RHB Anastasio Deleón 0-0: Called Strike
0-1: Ball
1-1: Ground out 6-3 (Groundball, 6)
Batting: RHB Hsin-ping Teoh 0-0: Ground out 6-3 (Groundball, 6)
Bottom of the 2nd over - 0 runs, 0 hits, 0 errors, 0 left on base; Myrtle Beach 0 - Mt. Vernon 0
TOP OF THE 3RD
Myrtle Beach Seahawks batting - Pitching for Mt. Vernon Bulls : LHP Tom Burnett
Batting: RHB César Salvatierra 0-0: Ball
1-0: Called Strike
1-1: Foul Ball, location: 2F
1-2: Ball
2-2: Foul Ball, location: 2F
2-2: Fly out, F3 (Popup, 3SF)
Batting: RHB Lucas Gallant 0-0: Called Strike
0-1: Foul Ball, location: 2F
0-2: Strikes out swinging
Batting: RHB Madhavacharta Bhavalakar 0-0: Ball
1-0: Called Strike
1-1: Called Strike
1-2: Strikes out swinging
Top of the 3rd over - 0 runs, 0 hits, 0 errors, 0 left on base; Myrtle Beach 0 - Mt. Vernon 0
BOTTOM OF THE 3RD
Mt. Vernon Bulls batting - Pitching for Myrtle Beach Seahawks : RHP Rubén Vázquez
Batting: RHB Jiao-long Xú 0-0: Ball
1-0: Ball
2-0: Called Strike
2-1: Foul Ball, location: 2F
2-2: Strikes out swinging
Batting: RHB De-wei Mo 0-0: Ball
1-0: Foul Ball, location: 2F
1-1: Ball
2-1: Foul Ball, location: 2F
2-2: DOUBLE (Flyball, 8LD)
Batting: SHB Fergus Stidston 0-0: Foul Ball, location: 2F
0-1: Ball
1-1: Ball
2-1: Swinging Strike
2-2: Strikes out swinging
Batting: SHB Roy Snider 0-0: Ball
1-0: Called Strike
1-1: Ball
2-1: 2-RUN HOME RUN (Line Drive, 7D), Distance : 391 ft
Batting: LHB Tomás Muinos 0-0: Fly out, F7 (Flyball, 78S)
Bottom of the 3rd over - 2 runs, 2 hits, 0 errors, 0 left on base; Myrtle Beach 0 - Mt. Vernon 2
TOP OF THE 4TH
Myrtle Beach Seahawks batting - Pitching for Mt. Vernon Bulls : LHP Tom Burnett
Batting: LHB Roberts Hamhock 0-0: Ball
1-0: Fly out, F7 (Flyball, 8LS)
Batting: LHB Gregory Clement 0-0: Foul Ball, location: 2F
0-1: Called Strike
0-2: Ball
1-2: SINGLE (Flyball, 7S)
Batting: RHB Justin Forbes 0-0: Swinging Strike
0-1: Ball
1-1: Swinging Strike
1-2: Strikes out looking
Batting: RHB Miguel Rey 0-0: SINGLE (Line Drive, 5)
Gregory Clement to second
Batting: RHB Al Ellis 0-0: Ball
1-0: Called Strike
1-1: Ball
2-1: Foul Ball, location: 2F
2-2: Strikes out swinging
Top of the 4th over - 0 runs, 2 hits, 0 errors, 2 left on base; Myrtle Beach 0 - Mt. Vernon 2
BOTTOM OF THE 4TH
Mt. Vernon Bulls batting - Pitching for Myrtle Beach Seahawks : RHP Rubén Vázquez
Batting: RHB Phil Gillespie 0-0: Ground out 6-3 (Groundball, 6)
Batting: LHB Abraham Koen 0-0: Ball
1-0: Fly out, F8 (Flyball, 8RM)
Batting: RHB Anastasio Deleón 0-0: Ground out 6-3 (Groundball, 6)
Bottom of the 4th over - 0 runs, 0 hits, 0 errors, 0 left on base; Myrtle Beach 0 - Mt. Vernon 2
TOP OF THE 5TH
Myrtle Beach Seahawks batting - Pitching for Mt. Vernon Bulls : LHP Tom Burnett
Batting: RHB Jimmy Gonzáles 0-0: Called Strike
0-1: SINGLE (Line Drive, 8LS)
Batting: RHB César Salvatierra 0-0: SINGLE (Line Drive, 8LS)
Jimmy Gonzáles to second
Runner from 2nd tries for 3rd, SAFE, no throw
Batting: RHB Lucas Gallant 0-0: Fly out, F4 (Popup, 34)
Batting: RHB Madhavacharta Bhavalakar 0-0: Called Strike
0-1: Ball
César Salvatierra is caught stealing 2nd base
1-1: Ball
2-1: Called Strike
2-2: Ground out 6-3 (Groundball, 6M)
Top of the 5th over - 0 runs, 2 hits, 0 errors, 1 left on base; Myrtle Beach 0 - Mt. Vernon 2
BOTTOM OF THE 5TH
Mt. Vernon Bulls batting - Pitching for Myrtle Beach Seahawks : RHP Rubén Vázquez
Batting: RHB Hsin-ping Teoh 0-0: DOUBLE (Line Drive, 78M)
Batting: RHB Jiao-long Xú 0-0: Foul Ball, location: 2F
0-1: Ball
1-1: Swinging Strike
1-2: Strikes out looking
Batting: RHB De-wei Mo 0-0: Ball
1-0: Fly out, F8 (Flyball, 8LS)
Batting: SHB Fergus Stidston 0-0: Swinging Strike
0-1: Foul Ball, location: 2F
0-2: Ball
1-2: Fly out, F7 (Flyball, 78D)
Bottom of the 5th over - 0 runs, 1 hit, 0 errors, 1 left on base; Myrtle Beach 0 - Mt. Vernon 2
TOP OF THE 6TH
Myrtle Beach Seahawks batting - Pitching for Mt. Vernon Bulls : LHP Tom Burnett
Batting: LHB Roberts Hamhock 0-0: Ball
1-0: Foul Ball, location: 2F
1-1: Ground out 4-3 (Groundball, 4)
Batting: LHB Gregory Clement 0-0: Ball
1-0: Ball
2-0: Called Strike
2-1: Foul Ball, location: 2F
2-2: Fly out, F3 (Line Drive, 3)
Batting: RHB Justin Forbes 0-0: Called Strike
0-1: Called Strike
0-2: Ball
1-2: Strikes out looking
Top of the 6th over - 0 runs, 0 hits, 0 errors, 0 left on base; Myrtle Beach 0 - Mt. Vernon 2
BOTTOM OF THE 6TH
Mt. Vernon Bulls batting - Pitching for Myrtle Beach Seahawks : RHP Rubén Vázquez
Batting: SHB Roy Snider 0-0: Swinging Strike
0-1: Ground out 6-3 (Groundball, 6)
Batting: LHB Tomás Muinos 0-0: Ball
1-0: Called Strike
1-1: Ball
2-1: Foul Ball, location: 2F
2-2: Ball
3-2: Foul Ball, location: 2F
3-2: Fly out, F9 (Flyball, 9S)
Batting: RHB Phil Gillespie 0-0: Ground out 5-3 (Groundball, 56S)
Bottom of the 6th over - 0 runs, 0 hits, 0 errors, 0 left on base; Myrtle Beach 0 - Mt. Vernon 2
TOP OF THE 7TH
Myrtle Beach Seahawks batting - Pitching for Mt. Vernon Bulls : LHP Tom Burnett
Batting: RHB Miguel Rey 0-0: SINGLE (Groundball, 4D)
Batting: RHB Al Ellis 0-0: Bunted foul
0-1: Bunted foul
0-2: DOUBLE (Line Drive, 78S)
Miguel Rey to third
Batting: RHB Jimmy Gonzáles 0-0: Foul Ball, location: 2F
0-1: Called Strike
0-2: Strikes out looking
Batting: RHB César Salvatierra 0-0: Called Strike
0-1: Ball
1-1: SINGLE (Line Drive, 34)
Miguel Rey scores
Al Ellis to third
Runner from 3rd tries for Home, SAFE, no throw
Batting: RHB Lucas Gallant 0-0: Swinging Strike
0-1: Ball
1-1: Ball
2-1: Ball
3-1: SINGLE (Line Drive, 6M)
César Salvatierra to second
Batting: RHB Madhavacharta Bhavalakar 0-0: Foul Ball, location: 2F
0-1: Foul Ball, location: 2F
0-2: Foul Ball, location: 2F
0-2: Ball
Wild Pitch!
César Salvatierra to third
Lucas Gallant to second
1-2: Foul Ball, location: 2F
1-2: Strikes out swinging
Batting: LHB Roberts Hamhock 0-0: Called Strike
0-1: Swinging Strike
0-2: Ball
1-2: Strikes out looking
Top of the 7th over - 2 runs, 4 hits, 0 errors, 2 left on base; Myrtle Beach 2 - Mt. Vernon 2
BOTTOM OF THE 7TH
Mt. Vernon Bulls batting - Pitching for Myrtle Beach Seahawks : RHP Rubén Vázquez
Batting: LHB Abraham Koen 0-0: Called Strike
0-1: Ball
1-1: Foul Ball, location: 2F
1-2: Fly out, F8 (Flyball, 8RD)
Batting: RHB Anastasio Deleón 0-0: Ball
1-0: Foul Ball, location: 2F
1-1: Foul Ball, location: 2F
1-2: Ball
2-2: Strikes out swinging
Pinch Hitting: LHB Lou Downes 0-0: Ball
1-0: DOUBLE (Line Drive, 9LS)
Pinch Hitting: RHB Ionut Tintoaca 0-0: Ball
1-0: Ball
2-0: Swinging Strike
2-1: Foul Ball, location: 2F
2-2: Strikes out looking
Bottom of the 7th over - 0 runs, 1 hit, 0 errors, 1 left on base; Myrtle Beach 2 - Mt. Vernon 2
TOP OF THE 8TH
Myrtle Beach Seahawks batting - Pitching for Mt. Vernon Bulls : LHP Tom Burnett
Now at SS: Lou Downes
Now in RF: Enrique Martínez
Batting: LHB Gregory Clement 0-0: Ball
1-0: Called Strike
1-1: Foul Ball, location: 2F
1-2: Foul Ball, location: 2F
1-2: Strikes out swinging
Batting: RHB Justin Forbes 0-0: Called Strike
0-1: Swinging Strike
0-2: Fly out, F9 (Flyball, 9LDF)
Batting: RHB Miguel Rey 0-0: Called Strike
0-1: Swinging Strike
0-2: Foul Ball, location: 2F
0-2: Ball
1-2: SINGLE (Groundball, 4MD)
Pitching: RHP Rafael Santiago
Batting: RHB Al Ellis 0-0: Called Strike
0-1: Swinging Strike
0-2: Ball
1-2: Strikes out swinging
Top of the 8th over - 0 runs, 1 hit, 0 errors, 1 left on base; Myrtle Beach 2 - Mt. Vernon 2
BOTTOM OF THE 8TH
Mt. Vernon Bulls batting - Pitching for Myrtle Beach Seahawks : RHP Rubén Vázquez
Pitching: RHP Bailey Achurch
Pinch Hitting: RHB Tony Cardenas 0-0: Ball
1-0: Ball
2-0: Called Strike
2-1: Fly out, F7 (Flyball, 7LM)
Batting: SHB Fergus Stidston 0-0: Called Strike
0-1: Ball
1-1: Ball
2-1: Foul Ball, location: 2F
2-2: Foul Ball, location: 2F
2-2: Ball
3-2: Base on Balls
Batting: SHB Roy Snider 0-0: Ball
1-0: Fly out, F6 (Line Drive, 6M)
Batting: LHB Tomás Muinos 0-0: Ball
1-0: Ball
2-0: Ball
3-0: Called Strike
3-1: Called Strike
3-2: Foul Ball, location: 2F
3-2: Base on Balls
Fergus Stidston to second
Batting: RHB Phil Gillespie 0-0: Ball
1-0: Called Strike
1-1: Ball
2-1: Called Strike
2-2: Ball
3-2: Ground out 6-3 (Groundball, 56)
Bottom of the 8th over - 0 runs, 0 hits, 0 errors, 2 left on base; Myrtle Beach 2 - Mt. Vernon 2
TOP OF THE 9TH
Myrtle Beach Seahawks batting - Pitching for Mt. Vernon Bulls : RHP Rafael Santiago
Pitching: RHP Okura Tenno
Now at 2B: Tony Cardenas
Batting: RHB Jimmy Gonzáles 0-0: Called Strike
0-1: Ball
1-1: Fly out, F7 (Flyball, 7S)
Batting: RHB César Salvatierra 0-0: Ball
1-0: Called Strike
1-1: SINGLE (Flyball, 8LM)
Batting: RHB Lucas Gallant 0-0: Ball
César Salvatierra steals 2nd base
1-0: Ball
2-0: Called Strike
2-1: Foul Ball, location: 2F
2-2: Foul Ball, location: 2F
2-2: Ground out 5-3 (Groundball, 5S)
César Salvatierra to third
Batting: RHB Madhavacharta Bhavalakar 0-0: Ball
1-0: Called Strike
1-1: Swinging Strike
1-2: Strikes out looking
Top of the 9th over - 0 runs, 1 hit, 0 errors, 1 left on base; Myrtle Beach 2 - Mt. Vernon 2
BOTTOM OF THE 9TH
Mt. Vernon Bulls batting - Pitching for Myrtle Beach Seahawks : RHP Bailey Achurch
Batting: LHB Abraham Koen 0-0: Called Strike
0-1: Ball
1-1: Called Strike
1-2: Foul Ball, location: 2F
1-2: Foul Ball, location: 2F
1-2: Ball
2-2: Strikes out swinging
Batting: RHB Anastasio Deleón 0-0: Ball
1-0: Called Strike
1-1: Fly out, F8 (Flyball, 8LD)
Batting: LHB Lou Downes 0-0: Ball
1-0: Called Strike
1-1: Ball
2-1: Ground out 4-3 (Groundball, 4)
Bottom of the 9th over - 0 runs, 0 hits, 0 errors, 0 left on base; Myrtle Beach 2 - Mt. Vernon 2
TOP OF THE 10TH
Myrtle Beach Seahawks batting - Pitching for Mt. Vernon Bulls : RHP Okura Tenno
Batting: LHB Roberts Hamhock 0-0: Foul Ball, location: 2F
0-1: Ball
1-1: Ball
2-1: Fly out, F2 (Popup, 2RF)
Batting: LHB Gregory Clement 0-0: Called Strike
0-1: Ball
1-1: Foul Ball, location: 2F
1-2: Strikes out swinging
Batting: RHB Justin Forbes 0-0: Ball
1-0: Fly out, F8 (Flyball, 8LD)
Top of the 10th over - 0 runs, 0 hits, 0 errors, 0 left on base; Myrtle Beach 2 - Mt. Vernon 2
BOTTOM OF THE 10TH
Mt. Vernon Bulls batting - Pitching for Myrtle Beach Seahawks : RHP Bailey Achurch
Pinch Hitting: SHB Zak Martin 0-0: Ball
1-0: Swinging Strike
1-1: Ball
2-1: Fly out, F8 (Flyball, 89D)
Batting: RHB Tony Cardenas 0-0: Called Strike
0-1: Called Strike
0-2: Ball
1-2: Ball
2-2: SINGLE (Flyball, 8RS)
Batting: SHB Fergus Stidston 0-0: Called Strike
0-1: Ball
1-1: Ground out U3 (Groundball, 34)
Tony Cardenas to second
Pitching: RHP Angelo Rawnsley
Batting: SHB Roy Snider 0-0: Swinging Strike
0-1: Ball
1-1: Foul Ball, location: 2F
1-2: Foul Ball, location: 2F
1-2: Ball
2-2: Ball
3-2: Strikes out swinging, 2-3 out at first.
Bottom of the 10th over - 0 runs, 1 hit, 0 errors, 1 left on base; Myrtle Beach 2 - Mt. Vernon 2
TOP OF THE 11TH
Myrtle Beach Seahawks batting - Pitching for Mt. Vernon Bulls : RHP Okura Tenno
Pitching: RHP Johnny O'Quinn
Now in RF: Kamakakoa Kaponianani
Batting: RHB Miguel Rey 0-0: Called Strike
0-1: Ball
1-1: Called Strike
1-2: Foul Ball, location: 2F
1-2: Ball
2-2: Strikes out swinging
Batting: RHB Al Ellis 0-0: Called Strike
0-1: Called Strike
0-2: Ball
1-2: Strikes out swinging
Batting: RHB Jimmy Gonzáles 0-0: Fly out, F7 (Line Drive, 7)
Top of the 11th over - 0 runs, 0 hits, 0 errors, 0 left on base; Myrtle Beach 2 - Mt. Vernon 2
BOTTOM OF THE 11TH
Mt. Vernon Bulls batting - Pitching for Myrtle Beach Seahawks : RHP Angelo Rawnsley
Batting: LHB Tomás Muinos 0-0: Ball
1-0: Foul Ball, location: 2F
1-1: Ball
2-1: SINGLE (Groundball, 4MD)
Batting: RHB Phil Gillespie 0-0: Called Strike
0-1: Called Strike
0-2: Grounds into double play, 5-4-3 (Groundball, 5)
Batting: LHB Abraham Koen 0-0: Ball
1-0: Ball
2-0: DOUBLE (Line Drive, 89D)
Batting: RHB Anastasio Deleón 0-0: Fly out, F9 (Line Drive, 89M)
Bottom of the 11th over - 0 runs, 2 hits, 0 errors, 1 left on base; Myrtle Beach 2 - Mt. Vernon 2
TOP OF THE 12TH
Myrtle Beach Seahawks batting - Pitching for Mt. Vernon Bulls : RHP Johnny O'Quinn
Batting: RHB César Salvatierra 0-0: Called Strike
0-1: Ball
1-1: Called Strike
1-2: Ball
2-2: Ground out 3-1 (Groundball, 34)
Batting: RHB Lucas Gallant 0-0: Swinging Strike
0-1: Ball
1-1: Swinging Strike
1-2: Strikes out swinging
Batting: RHB Madhavacharta Bhavalakar 0-0: Swinging Strike
0-1: Ball
1-1: DOUBLE (Line Drive, 9D)
Batting: LHB Roberts Hamhock 0-0: Foul Ball, location: 2F
0-1: Called Strike
0-2: Foul Ball, location: 2F
0-2: Strikes out swinging
Top of the 12th over - 0 runs, 1 hit, 0 errors, 1 left on base; Myrtle Beach 2 - Mt. Vernon 2
BOTTOM OF THE 12TH
Mt. Vernon Bulls batting - Pitching for Myrtle Beach Seahawks : RHP Angelo Rawnsley
Batting: LHB Lou Downes 0-0: Ball
1-0: Swinging Strike
1-1: Ground out 4-3 (Groundball, 4)
Batting: RHB Kamakakoa Kaponianani 0-0: Swinging Strike
0-1: Called Strike
0-2: Ball
1-2: Foul Ball, location: 2F
1-2: Ground out 6-3 (Groundball, 56)
Batting: RHB Tony Cardenas 0-0: Ground out 6-3 (Groundball, 6)
Bottom of the 12th over - 0 runs, 0 hits, 0 errors, 0 left on base; Myrtle Beach 2 - Mt. Vernon 2
TOP OF THE 13TH
Myrtle Beach Seahawks batting - Pitching for Mt. Vernon Bulls : RHP Johnny O'Quinn
Pitching: RHP Wilson López
Batting: LHB Gregory Clement 0-0: SINGLE (Flyball, 9LS)
Batting: RHB Justin Forbes 0-0: Ball
1-0: Called Strike
1-1: Foul Ball, location: 2F
1-2: Fly out, F9 (Flyball, 89M)
Batting: RHB Miguel Rey 0-0: Ball
1-0: Swinging Strike
1-1: Foul Ball, location: 2F
1-2: Foul Ball, location: 2F
1-2: Foul Ball, location: 2F
1-2: SINGLE (Line Drive, 4D)
Gregory Clement to second
Batting: RHB Al Ellis 0-0: Fly out, F4 (Line Drive, 4M)
Batting: RHB Jimmy Gonzáles 0-0: Ball
1-0: Foul Ball, location: 2F
1-1: Ground out 1-3 (Groundball, 13S)
Top of the 13th over - 0 runs, 2 hits, 0 errors, 2 left on base; Myrtle Beach 2 - Mt. Vernon 2
BOTTOM OF THE 13TH
Mt. Vernon Bulls batting - Pitching for Myrtle Beach Seahawks : RHP Angelo Rawnsley
Batting: SHB Fergus Stidston 0-0: Ball
1-0: Called Strike
1-1: Ball
2-1: Ball
3-1: Base on Balls
Batting: SHB Roy Snider 0-0: Foul Ball, location: 2F
0-1: Foul Ball, location: 2F
0-2: Ball
1-2: Ball
2-2: Ball
3-2: Base on Balls
Fergus Stidston to second
Batting: LHB Tomás Muinos 0-0: Ball
1-0: Foul Ball, location: 2F
1-1: Ball
2-1: Ball
3-1: SINGLE (Line Drive, 4MD)
Fergus Stidston to third
Roy Snider to second
Runner from 3rd tries for Home, SAFE, no throw
Friday, March 29th, 2019 - OOTP Baseball 18.8 Build 76